Construct Infanterie Kompanie
Infanterie Officer Quarters
Construct Panzergrenadier Kompanie
Nebelwerfer 42 Rocket Launcher Team
Selects Luftwaffe Battlegroup
Selects Stuka Strafing Run
Selects Fallschirmjäger Squad Paradrop
Selects Luftwaffe Pioneer Support
Fallschirmpioneer Squad Paradrop
Pak 40 Anti-tank Gun Team
Selects LG40 Recoilless Gun Paradrop
Pak 40 Anti-tank Gun Team
Fallschirmpioneer Squad Paradrop
Selects Infantry Reserves
Construct Infanterie Kompanie
Pak 40 Anti-tank Gun Team
Construct Panzer Kompanie
Fallschirmjäger Squad Paradrop